 Dungeon Crawl Stone Soup version 0.28.0 (webtiles) character file.

Game seed: 17026382254138451339

16380 blackman the Placeless Cat (level 12, -15/44 HPs)
             Began as a Felid Summoner on Feb 6, 2022.
             Was an Initiate of Gozag.
             Demolished by a merfolk (16 damage)
             ... on level 3 of the Lair of Beasts.
             The game lasted 01:34:27 (19833 turns).

blackman the Placeless Cat (Felid Summoner)        Turns: 19833, Time: 01:34:27

Health: -15/44     AC:  3    Str:  4    XL:     12   Next: 9%
Magic:  18/26      EV:  9    Int: 22    God:    Gozag
Gold:   2095       SH:  0    Dex: 24    Spells: 2/29 levels left
                                        Lives:  0   Deaths: 3

rFire   + . .      SeeInvis +   (weapon unavailable)
rCold   + . .      Faith    .   (shield unavailable)
rNeg    + . .      Spirit   .   (armour unavailable)
rPois   .          Reflect  .   (helmet unavailable)
rElec   .          Harm     .   (cloak unavailable)
rCorr   .          Rampage  .   (gloves unavailable)
Will    +....                   (boots unavailable)
Stlth   ++........              (no amulet)
HPRegen 0.14/turn               g - +6 ring of dexterity
MPRegen 0.20/turn               t - ring of positive energy

@: gold aura, held, invisible, very slow
A: very small, claws 1, fangs 3, see invisible, speed 1, shaggy fur 3, stealthy
paws, no weapons or thrown items, no armour, multi-lived, antennae 1, thin
skeletal structure 1, fire resistance 1
a: Renounce Religion, Potion Petition, Call Merchant, Bribe Branch


You were on level 3 of the Lair of Beasts.
You worshipped Gozag.
Gozag was most pleased with you.
You visited 3 branches of the dungeon, and saw 14 of its levels.

You collected 2158 gold pieces.
You paid 63 gold pieces to Gozag.

Inventory:

Missiles
 u - 2 throwing nets
Jewellery
 g - a +6 ring of dexterity (left paw)
 q - a ring of ice
 t - a ring of positive energy (right paw)
 v - a ring of flight
 z - an amulet of guardian spirit
 G - a +6 ring of intelligence
Wands
 h - a wand of flame (10)
 o - a wand of charming (17)
 s - a wand of mindburst (24)
 B - a wand of paralysis (5)
Scrolls
 a - a scroll of immolation
 c - a scroll of blinking {unknown}
 e - a scroll of holy word {unknown}
 l - 4 scrolls of magic mapping {unknown}
 m - 4 scrolls of identify {unknown}
 n - 3 scrolls of noise {unknown}
 r - a scroll of silence {unknown}
 w - a scroll of torment {unknown}
 x - a scroll of brand weapon {unknown}
 y - a scroll of fog {unknown}
 C - a scroll of teleportation {unknown}
 D - a scroll of fear {unknown}
Potions
 b - a potion of curing {unknown}
 d - 2 potions of attraction
 i - 2 potions of brilliance
 j - 2 potions of haste
 k - 8 potions of flight
 p - 2 potions of might
 A - a potion of degeneration {unknown}
 F - a potion of resistance {unknown}


   Skills:
 - Level 2.6 Dodging
 - Level 2.6 Stealth
 + Level 9.3 Spellcasting
 - Level 12.2 Hexes
 - Level 12.3 Summonings
 * Level 13.0 Translocations
 - Level 7.0 Air Magic


You had 2 spell levels left.
You knew the following spells:

 Your Spells              Type           Power      Damage    Failure   Level
a - Summon Small Mammal   Summ           100%       N/A       1%          1
b - Summon Forest         Summ/Tloc      30%        N/A       1%          5
c - Call Canine Familiar  Summ           59%        N/A       1%          3
d - Summon Cactus Giant   Summ           29%        N/A       6%          6
e - Summon Lightning Spi  Summ/Air       52%        N/A       1%          4
f - Summon Mana Viper     Hex/Summ       59%        N/A       1%          5
g - Swiftness             Air            41%        N/A       1%          3

Your spell library contained the following spells:

 Spells                   Type           Power      Damage    Failure   Level
 Call Imp                 Summ           59%        N/A       1%          2
 Ensorcelled Hibernation  Hex/Ice        74%        N/A       1%          2
 Poisonous Vapours        Pois/Air       50%        N/A       2%          2
 Freeze                   Ice            40%        1d6       7%          1
 Magic Dart               Conj           40%        1d5       7%          1
 Sting                    Tmut/Pois      40%        1d5       7%          1
 Passwall                 Tmut/Erth      8%         N/A       10%         2
 Dazzling Flash           Conj/Hex       74%        N/A       1%          3
 Summon Guardian Golem    Hex/Summ       59%        N/A       1%          3
 Iskenderun's Mystic Bla  Conj/Tloc      38%        2d9       4%          4
 Summon Ice Beast         Ice/Summ       37%        N/A       4%          4
 Mephitic Cloud           Conj/Pois/Air  20%        N/A       8%          3
 Frozen Ramparts          Ice            20%        1d4       21%         3
 Monstrous Menagerie      Summ           29%        N/A       34%         7
 Hailstorm                Conj/Ice       10%        3d5       54%         4
 Ice Form                 Ice/Tmut       10%        N/A       54%         4
 Olgreb's Toxic Radiance  Pois           10%        N/A       54%         4
 Starburst                Conj/Fire      5%         6d4       100%        6
 Borgnjor's Revivificati  Necr           5%         N/A       100%        8
 Necromutation            Tmut/Necr      5%         N/A       100%        8
 Death's Door             Necr           5%         N/A       100%        9


Dungeon Overview and Level Annotations

Branches:
Dungeon (10/15)            Temple (1/1) D:5            Lair (3/6) D:8
 Shoals (0/4) Lair:3          Orc (0/2) D:9
  Snake: Lair:2-4    Spider: Lair:2-4

Altars:
Ashenzari
Cheibriados
Dithmenos
Elyvilon
Fedhas
Gozag
Hepliaklqana
Kikubaaqudgha
Makhleb
Nemelex Xobeh
Okawaru
Qazlal
Ru
Sif Muna
Trog
Uskayaw
Vehumet
Wu Jian
Xom
Zin
The Shining One

Annotations:
D:6 1 runed translucent door, Jase's ghost, novice GnWn
D:7 2 transporters, issech's ghost, novice TrMo
Lair:2 2 transporters, Haraddelas's ghost, journeyman OpTm


Innate Abilities, Weirdness & Mutations

You have sharp claws.
You have razor-sharp teeth.
You have supernaturally acute eyesight. (SInv)
You cover ground quickly. (Speed+)
Your thick and shaggy fur keeps you warm. (AC +3, rC+)
Your paws help you pounce on unaware monsters.
You are incapable of wielding weapons or throwing items.
You cannot wear armour.
You gain extra lives every three experience levels.
You have a pair of small antennae on your head.
You have a somewhat thin skeletal structure. (Dex +2, Stealth+)
Your flesh is heat resistant. (rF+)


Message History

Your cactus giant disappears in a puff of smoke!
A white imp comes into view.
Your mana viper splashes around in the water.
You enter the shallow water.
Moving in this stuff is going to be slow.
Your mana viper barely misses the merfolk.
The white imp gestures at you.
The puff of frost hits your lightning spire.
Your lightning spire resists.
The merfolk misses you.
Your mana viper bites the merfolk.
The white imp gestures at you.
The puff of frost hits your lightning spire.
Your lightning spire resists.
Your lightning spire shoots out a bolt of lightning at the white imp!
The bolt of electricity hits the white imp.
The bolt of electricity hits the blink frog!
Your lightning spire shoots out a bolt of lightning at the white imp!
The bolt of electricity misses the white imp.
The blink frog is distracted by your dazzling golden aura.
The blink frog gives a loud, deep croak!
Your mana viper bites the merfolk!
Your lightning spire shoots out a bolt of lightning at the white imp!
The bolt of electricity hits the white imp!!
The white imp dies!
The bolt of electricity hits your lightning spire.
Your lightning spire completely resists.
The merfolk throws a throwing net.
The throwing net hits you.
You become entangled in the net!
You hear a splash.
You see here a throwing net.
You struggle against the net.
Your mana viper closely misses the merfolk.
The merfolk hits you from afar with a +0 trident!
* * * LOW HITPOINT WARNING * * *
You fade into invisibility!
Your mana viper bites the merfolk!
The merfolk hits you from afar with a +0 trident!
You die...
Your body crumbles into a pile of gold.

### ## ###.# ##.## ### #..###
###...# ##.### #..≈.###
###5≈$F$#
#....####)#.≈≈≈###≈≈8F#.#..#
........).#...≈≈@≈mS..#.F.....
......##..###..#>#..#######...
......####.####...### ..
#.#....##P.P#######.# .
#......#.....+.....###
##....###..#..........
#.....##...##......#
##....##....##.....#
##...###.###......#


You could see a merfolk (ally target), 2 blink frogs, a white imp, a friendly
mana viper (summoned) and a friendly lightning spire (summoned).

Vanquished Creatures
  4 wights (D:4)
  5 electric eels (D:8)
  A gnoll (D:7)
  An endoplasm (D:4)
  A giant cockroach (D:3)
12 creatures vanquished.

Vanquished Creatures (collateral kills)
  Erica (D:8)
  2 two-headed ogres
  2 merfolk sirens (Lair:3)
  6 elephants (Lair:3)
  A gargoyle (D:10)
  5 komodo dragons
  A troll (D:10)
  A polar bear (Lair:1)
  Grinder (D:5)
  16 blink frogs
  2 wyverns
  A vampire (D:10)
  A wraith (D:9)
  9 yaks
  A shadow (D:9)
  Grum (D:8)
  3 vampire mosquitoes (D:10)
  An acid dragon (D:10)
  2 water moccasins
  A sky beast (D:5)
  3 orc warriors
  A black bear (Lair:3)
  2 ice beasts
  A necrophage (D:4)
  2 centaurs (D:8)
  An ogre (D:5)
  16 wolves
  A kobold brigand (D:7)
  A bullfrog (D:8)
  2 wyvern zombies
  A scorpion (D:6)
  A water moccasin zombie (D:5)
  A wyvern skeleton (D:6)
  6 wights
  An electric eel (D:8)
  4 howler monkeys
  2 gnoll shamans
  6 hounds
  7 orc priests
  6 jellies
  2 scorpion zombies (D:5)
  2 centaur skeletons (D:7)
  3 iguanas
  9 orc wizards
  A hound zombie (D:5)
  3 howler monkey zombies
  7 gnolls
  5 adders
  8 white imps (Lair:3)
  An ufetubus (D:6)
  An adder skeleton (D:2)
  A worm (D:2)
  4 dart slugs
  30 orcs
  3 ball pythons (D:1)
  5 bats
  5 endoplasms
  3 giant cockroaches
  9 goblins
  8 hobgoblins
  2 jackals (D:1)
  15 kobolds
  2 quokkas
  A frilled lizard (D:3)
  2 quokka skeletons (D:2)
  3 rats
258 creatures vanquished.

Vanquished Creatures (others)
  Gastronok (D:9)
  A hydra (Lair:2)
  A manticore (D:6)
  A komodo dragon (Lair:2)
  2 trolls
  A merfolk (Lair:3)
  2 yaks (D:8)
  A water moccasin (D:6)
  2 black bears
  2 ogres
  A wolf (D:8)
  8 wights
  An orc wizard (D:5)
  A howler monkey zombie (D:9)
  An ufetubus (D:5)
  14 fungi
  11 plants
  A snaplasher vine (Lair:1)
  2 withered plants (D:2)
54 creatures vanquished.

Grand Total: 324 creatures vanquished

Notes
Turn   | Place    | Note
-------+----------+-------------------------------------------
     0 | D:1      | blackman the Felid Summoner began the quest for the Orb.
     0 | D:1      | Reached XP level 1. HP: 7/7 MP: 4/4
   446 | D:1      | Reached XP level 2. HP: 11/11 MP: 4/6
   503 | D:1      | Learned a level 2 spell: Call Imp
  1873 | D:2      | Reached XP level 3. HP: 9/14 MP: 2/7
  2046 | D:2      | Found a faded altar of an unknown god.
  2858 | D:3      | Learned a level 3 spell: Call Canine Familiar
  2908 | D:3      | Found a burning altar of Makhleb.
  2910 | D:3      | Noticed an Executioner
  3178 | D:3      | Reached XP level 4. HP: 18/18 MP: 4/9
  3314 | D:3      | Reached skill level 5 in Summonings
  3337 | D:3      | Found a broken altar of Ashenzari.
  4125 | D:4      | Learned a level 3 spell: Summon Guardian Golem
  4132 | D:4      | Noticed an ogre
  4146 | D:4      | Killed an ogre
  4147 | D:4      | Reached XP level 5. HP: 21/21 MP: 1/11
  4460 | D:4      | Noticed a black bear
  4479 | D:4      | Killed a black bear
  4480 | D:4      | Gained mutation: You are covered in thick fur. (AC +2)
                  | [Felid growth]
  4480 | D:4      | Reached XP level 6. HP: 24/24 MP: 5/12
  4542 | D:4      | Gained mutation: Your flesh is heat resistant. (rF+)
                  | [potion of mutation]
  4542 | D:4      | Gained mutation: Your body sometimes deteriorates upon
                  | taking damage. [potion of mutation]
  4542 | D:4      | Gained mutation: You are weak. (Str -2) [potion of
                  | mutation]
  5218 | D:4      | Reached XP level 7. HP: 10/27 MP: 9/13
  5699 | D:4      | Found an iron altar of Okawaru.
  6494 | D:5      | Entered Level 5 of the Dungeon
  6494 | D:5      | Noticed Grinder
  6656 | D:5      | Lost mutation: You are weak. (Str -2) [potion of mutation]
  6656 | D:5      | Lost mutation: Your body sometimes deteriorates upon taking
                  | damage. [potion of mutation]
  6656 | D:5      | Gained mutation: You have a pair of small antennae on your
                  | head. [potion of mutation]
  6656 | D:5      | Gained mutation: You have a somewhat thin skeletal
                  | structure. (Dex +2, Stealth+) [potion of mutation]
  6694 | D:5      | Reached skill level 1 in Hexes
  7272 | D:5      | Reached XP level 8. HP: 31/31 MP: 12/15
  7624 | D:4      | Learned a level 4 spell: Summon Lightning Spire
  8517 | D:5      | Found a staircase to the Ecumenical Temple.
  8569 | D:5      | Killed Grinder
  8570 | D:5      | Reached skill level 5 in Hexes
  8570 | D:5      | Reached skill level 1 in Air Magic
  8644 | Temple   | Entered the Ecumenical Temple
  8906 | Temple   | Became a worshipper of Gozag Ym Sagoz the Greedy
  9490 | D:6      | Noticed a manticore
  9490 | D:6      | Found a runed translucent door.
  9715 | D:6      | Noticed Jase's ghost (novice GnWn)
 10062 | D:6      | Reached XP level 9. HP: 34/34 MP: 8/16
 10139 | D:6      | Reached skill level 10 in Summonings
 10826 | D:6      | Reached skill level 5 in Air Magic
 10989 | D:6      | Succumbed to barbed spike wounds
 10989 | D:6      | Killed a manticore
 10990 | D:6      | Reached XP level 8. HP: 0/31 MP: 4/15
 11561 | D:7      | Reached XP level 9. HP: 34/34 MP: 12/16
 11620 | D:7      | Found a transporter.
 11625 | D:7      | Noticed a gargoyle
 12248 | D:7      | Found a transporter.
 12269 | D:7      | Noticed issech's ghost (novice TrMo)
 12486 | D:8      | Noticed a two-headed ogre
 12498 | D:8      | Noticed a troll
 12508 | D:8      | Identified the +0 rapier "Syfudec" {freeze, rN+ Dex-4 SInv}
 12512 | D:8      | Killed a troll
 12528 | D:8      | Killed a two-headed ogre
 12529 | D:8      | Reached skill level 5 in Spellcasting
 12627 | D:8      | Reached XP level 10. HP: 34/37 MP: 2/20
 13157 | D:8      | Found a staircase to the Lair.
 13420 | D:8      | Noticed Erica
 13519 | D:8      | Killed from afar by an electric eel
 13520 | D:8      | Reached XP level 9. HP: -1/34 MP: 18/20
 13526 | D:8      | Learned a level 5 spell: Summon Mana Viper
 13757 | D:7      | Learned a level 3 spell: Swiftness
 13955 | D:8      | Reached skill level 10 in Hexes
 13983 | D:8      | Succumbed to Erica's bolt of poison
 13984 | D:8      | Reached XP level 8. HP: 0/31 MP: 10/19
 14018 | D:8      | Killed Erica
 14019 | D:8      | Reached XP level 9. HP: 13/34 MP: 15/20
 14438 | D:8      | Noticed Grum
 14443 | D:8      | Killed Grum
 14922 | D:9      | Noticed Gastronok
 14935 | D:9      | Killed Gastronok
 14952 | D:9      | Noticed a troll
 14972 | D:9      | Killed a troll
 14973 | D:9      | Reached XP level 10. HP: 37/37 MP: 12/22
 15311 | D:9      | Reached skill level 1 in Translocations
 15312 | D:9      | Reached skill level 2 in Translocations
 15437 | D:9      | Reached skill level 3 in Translocations
 15518 | D:9      | Found a staircase to the Orcish Mines.
 16108 | D:10     | Entered Level 10 of the Dungeon
 16146 | D:10     | Reached skill level 4 in Translocations
 16220 | D:10     | Noticed a two-headed ogre
 16307 | D:10     | Killed a two-headed ogre
 16308 | D:10     | Reached skill level 5 in Translocations
 16312 | D:10     | Noticed a gargoyle
 16321 | D:10     | Killed a gargoyle
 16504 | D:10     | Noticed a cyan ugly thing
 16527 | D:10     | Reached skill level 6 in Translocations
 16541 | D:10     | Noticed a sun demon
 16780 | D:8      | Learned a level 5 spell: Summon Forest
 16834 | Lair:1   | Entered Level 1 of the Lair of Beasts
 16858 | Lair:1   | Reached skill level 7 in Translocations
 16858 | Lair:1   | Reached XP level 11. HP: 40/40 MP: 4/24
 17174 | Lair:1   | Reached skill level 8 in Translocations
 17570 | Lair:1   | Reached skill level 9 in Translocations
 17990 | Lair:1   | Found the +6 arbalest "Damnation" {damnation}
 18349 | Lair:2   | Reached skill level 10 in Translocations
 18465 | Lair:2   | Found the +18 Lear's hauberk
 18466 | Lair:2   | Found a transporter.
 18466 | Lair:2   | Found a transporter.
 18495 | Lair:2   | Found the +7 staff of the Meek {protect, meekguard}
 18512 | Lair:2   | Noticed Haraddelas's ghost (journeyman OpTm)
 18618 | Lair:2   | Identified the +3 mace of Guilt {vorpal, rPois Will+}
 18719 | Lair:2   | Noticed a four-headed hydra
 18730 | Lair:2   | Killed a four-headed hydra
 18737 | Lair:2   | Reached skill level 11 in Translocations
 19363 | Lair:3   | Reached skill level 12 in Translocations
 19536 | Lair:3   | Found a staircase to the Shoals.
 19557 | Lair:3   | Gained mutation: Your thick and shaggy fur keeps you warm.
                  | (AC +3, rC+) [Felid growth]
 19557 | Lair:3   | Reached XP level 12. HP: 44/44 MP: 16/26
 19760 | Lair:3   | Learned a level 6 spell: Summon Cactus Giant
 19813 | Lair:3   | Reached skill level 13 in Translocations
 19832 | Lair:3   | HP: 1/44 [merfolk (17)]
 19833 | Lair:3   | Demolished by a merfolk

Illustrated notes

Levels and vault maps discovered:
D:1:      dpeg_arrival_water_fire, layout_loops_ring
D:2:      layout_loops_ring, serial_undead, serial_undead_b, serial_undead_e,
          serial_undead_f, serial_undead_d, serial_undead_f, serial_undead_e,
          serial_undead_d, dilly_ecumenical_altar_fadedgnrine,
          minmay_tetromino_l2
D:3:      layout_loops_ring, evilmike_ruin_ashenzari, makhleb_altar_promises_db,
          kennysheep_big_empty_room, guppyfry_early_orc_mine
D:4:      layout_rooms, okawaru_gym_becter
D:5:      layout_loops_cross, minmay_temple_entry_overgrown, uniq_grinder
D:6:      layout_cave_pools, hellmonk_ghost_happy_afterlife
D:7:      layout_basic, nzn_ghost_randoct
D:8:      layout_basic, erik_lair_island, kennysheep_boxes, uniq_grum,
          uniq_erica
D:9:      layout_roguey, david_orc_2, minmay_misc_feat_secret_circle,
          uniq_gastronok
D:10:     layout_basic, overflow_temple_1_default, grunt_ministairs_1
Temple:   dpeg_five_rooms_temple
Lair:1:   layout_small_grid
Lair:2:   layout_loops_ring, gammafunk_ghost_hive
Lair:3:   layout_regular_city, elwin_shoals_entry_stream,
          nicolae_spider_entry_orb_guardian, portal_ice_cave_entry_imps,
          lemuel_centaur_altar

Skill      XL: |  1  2  3  4  5  6  7  8  9 10 11 12 |
---------------+-------------------------------------+-----
Spellcasting   | 3 4 7 6 8 9 |  9.3
Summonings     | 5 6 7 8 9 10 12 | 12.3
Hexes          | 3 5 12 9 | 12.2
Air Magic      | 6 7 |  7.0
Translocations | 7 12 13 | 13.0
Dodging        | |  2.6
Stealth        | |  2.6

Action                   |  1- 3 |  4- 6 |  7- 9 | 10-12 || total
-------------------------+-------+-------+-------+-------++-------
Melee: Unarmed           |     3 |     2 |     2 |       ||     7
       Bite              |       |       |     1 |       ||     1
 Cast: Summon Small Mamm |    39 |     3 |     4 |       ||    46
       Call Imp          |    34 |     8 |     8 |       ||    50
       Call Canine Famil |       |    10 |    62 |    14 ||    86
       Summon Guardian G |       |     7 |    35 |    10 ||    52
       Summon Lightning  |       |       |    27 |    42 ||    69
       Summon Mana Viper |       |       |     4 |    37 ||    41
       Swiftness         |       |       |     2 |     1 ||     3
       Summon Forest     |       |       |       |     8 ||     8
       Summon Cactus Gia |       |       |       |     1 ||     1
Evoke: Wand              |       |       |     2 |     7 ||     9
  Use: Scroll            |       |     4 |     1 |     1 ||     6
       Potion            |       |     2 |    10 |     1 ||    13
Armor: Skin              |     2 |       |     2 |       ||     4
Dodge: Dodged            |    28 |     7 |    34 |    33 ||   102
